 Dungeon Crawl Stone Soup version 0.21.0-3-g78d12a8 (webtiles) character file.

260 mopl the Sneak (level 6, -6/32 HPs)
             Began as a Tengu Enchanter on Jan 11, 2018.
             Killed by divine providence
             ... invoked by an orc priest
              (16 damage)
             ... on level 3 of the Dungeon.
             The game lasted 00:05:03 (3208 turns).

mopl the Sneak (Tengu Enchanter)                    Turns: 3208, Time: 00:05:05

Health: -6/32      AC:  2    Str:  8    XL:     6   Next: 17%
Magic:  1/10       EV: 13    Int: 16    God:
Gold:   210        SH:  0    Dex: 16    Spells: 3/9 levels left

rFire    . . .     SeeInvis .   a - +1 dagger
rCold    . . .     Gourm    .   (no shield)
rNeg     . . .     Faith    .   b - +0 robe
rPois    .         Spirit   .   (helmet restricted)
rElec    .         Reflect  .   (no cloak)
rCorr    .         Harm     .   (no gloves)
MR       .....                  (boots unavailable)
Stlth    +++.......             (no amulet)
HPRegen  0.10/turn              n - ring of wizardry
MPRegen  0.12/turn              (no ring)

@: very slightly contaminated
A: beak, talons 3, able to fly 1
a: Fly


You were on level 3 of the Dungeon.
You were not hungry.

You visited 1 branch of the dungeon, and saw 3 of its levels.

You collected 210 gold pieces.

Inventory:

Hand Weapons
 a - a +1 dagger (weapon)
Missiles
 e - 14 javelins (quivered)
Armour
 b - a +0 robe (worn)
 p - a +0 buckler
Jewellery
 n - a ring of wizardry (left hand)
Scrolls
 f - 2 scrolls of remove curse {unknown}
 i - 2 scrolls of identify {unknown}
 m - 3 scrolls of fog {unknown}
Potions
 g - a potion of might {unknown}
 h - a potion of magic {unknown}
 j - 5 potions of curing
 k - 2 potions of heal wounds {unknown}
 l - a potion of lignification {unknown}
 o - a potion of flight {unknown}
Books
 c - a book of Maledictions

   Spells                             Type                      Level
   a - Corona                         Hexes                        1
   b - Ensorcelled Hibernation        Hexes/Ice                    2
   c - Confuse                        Hexes                        3
   d - Tukima's Dance                 Hexes                        3
   e - Dazzling Spray                 Conjuration/Hexes            3
Comestibles
 d - 5 rations
 q - 2 chunks of flesh


   Skills:
 - Level 2.0 Short Blades
 - Level 2.1 Dodging
 * Level 4.9 Stealth
 - Level 2.0 Spellcasting
 * Level 3.5 Hexes
 + Level 2.0 Ice Magic


You had 3 spell levels left.
You knew the following spells:

 Your Spells              Type           Power        Failure   Level  Hunger
a - Corona                Hex            ##.....      1%          1    #......
b - Ensorcelled Hibernat  Hex/Ice        ##....       4%          2    ###....
c - Confuse               Hex            ##......     6%          3    ###....


Dungeon Overview and Level Annotations

Branches:
Dungeon (3/15)

Altars:
Ashenzari
Qazlal

Annotations:
D:3 Dirtsage's ghost, amateur DsFi


Innate Abilities, Weirdness & Mutations

You have a beak for a mouth.
You have claws for feet.
You can fly.


Message History

Press: ? - help, Shift-Dir - straight line, f/p - killer bee
Aim: a killer bee (chance to defeat MR: 50%)
The killer bee looks drowsy...
* * * LOW HITPOINT WARNING * * *
You feel sick.
The orc wizard mumbles some strange words.
The orc wizard seems to speed up.
It was a potion of curing.
You feel better.
The helpless killer bee fails to defend itself.
You impale the killer bee!!
You kill the killer bee!
Your Ice Magic skill increases to level 2!
You have reached level 6!
Your experience leads to an increase in your attributes!
Increase (S)trength, (I)ntelligence, or (D)exterity?
You feel agile.
The orc priest mumbles some strange prayers to Beogh against you.
Beogh smites you!
Ouch! That really hurt!
You die...

#......# #...
#....!.###o# ####
##>...o...o# # #.....# ##
###...o.# # ##. #.......#
#.##.# #..#.o.## .#.#.#.
##..#.#.#### #.#.#..
#.....#.o@.# #.#...
###...####.# #....
#####..)..#.# ... #....
#.......###.# ... #....
#####.......# ..8. .8
##...
##.######.........#.)..
####.######.........#....
#..................#.#...
#.##.....................


You could see an orc priest and an orc wizard.

Vanquished Creatures
  3 killer bees (D:3)
  4 adders
  2 oozes
  A worm (D:3)
  3 dart slugs
  A leopard gecko (D:1)
  5 orcs (D:3)
  7 bats
  4 giant cockroaches
  3 goblins
  4 hobgoblins
  8 jackals
  11 kobolds
  A quokka (D:3)
  2 frilled lizards
  5 rats
64 creatures vanquished.

Notes
Turn   | Place    | Note
-------+----------+-------------------------------------------
     0 | D:1      | mopl the Tengu Enchanter began the quest for the Orb.
     0 | D:1      | Reached XP level 1. HP: 10/10 MP: 4/4
   390 | D:1      | Reached XP level 2. HP: 15/15 MP: 6/6
   397 | D:1      | Learned a level 2 spell: Ensorcelled Hibernation
   988 | D:1      | Reached XP level 3. HP: 3/19 MP: 5/7
  1279 | D:1      | Learned a level 3 spell: Confuse
  1800 | D:2      | Found a stormy altar of Qazlal.
  1800 | D:2      | Found a shattered altar of Ashenzari.
  2177 | D:2      | Reached skill level 1 in Ice Magic
  2177 | D:2      | Reached XP level 4. HP: 24/24 MP: 8/8
  2247 | D:3      | Reached skill level 2 in Short Blades
  2352 | D:3      | Reached skill level 4 in Stealth
  2696 | D:3      | Reached skill level 3 in Hexes
  2809 | D:3      | Noticed Dirtsage's ghost (amateur DsFi)
  2861 | D:3      | Gained mutation: You can fly. [Tengu growth]
  2861 | D:3      | Reached XP level 5. HP: 19/28 MP: 9/9
  3205 | D:3      | HP: 1/28 [killer bee (6)]
  3208 | D:3      | Reached skill level 2 in Ice Magic
  3208 | D:3      | Reached XP level 6. HP: 10/32 MP: 1/10
  3208 | D:3      | Killed from afar by an orc priest

Skill      XL: |  1  2  3  4  5 |
---------------+----------------+-----
Ice Magic      | 1 2 |  2.0
Short Blades   | 2 |  2.0
Stealth        | 4 |  4.9
Hexes          | 3 |  3.5
Dodging        | |  2.1
Spellcasting   | |  2.0

Action                   |  1- 3 |  4- 6 || total
-------------------------+-------+-------++-------
Melee: Dagger            |    79 |    75 ||   154
       Kick              |    14 |    19 ||    33
       Peck              |     8 |     6 ||    14
Throw: Javelin           |       |     1 ||     1
 Cast: Corona            |     2 |       ||     2
       Ensorcelled Hiber |     6 |    17 ||    23
       Confuse           |       |     2 ||     2
  Use: Potion            |       |     1 ||     1
 Stab: Sleeping          |    17 |    14 ||    31
  Eat: Chunk             |     4 |     5 ||     9
Armor: Robe              |    18 |    17 ||    35
Dodge: Dodged            |    37 |    54 ||    91
